 Dungeon Crawl Stone Soup version 0.31.0-9-g3a7656b989 (webtiles) character file.

Game seed: 15198200738867634226

4 qw the Shooter (level 1, -1/17 HPs)
             Began as a Demigod Hunter on Feb 2, 2024.
             Slain by a gnoll
             ... wielding a +0 club
              (3 damage)
             ... on level 1 of the Dungeon.
             The game lasted 00:00:00 (96 turns).

qw the Shooter (Demigod Hunter)                       Turns: 96, Time: 00:00:00

Health: -1/17      AC:  3    Str: 12    XL:     1   Next: 46%
Magic:  3/3        EV: 12    Int: 11    God:
Gold:   4          SH:  0    Dex: 17    Spells: 0/0 levels left

rFire   . . .        a - +0 shortbow
rCold   . . .        (shield currently unavailable)
rNeg    . . .        c - +0 leather armour
rPois   .            (no helmet)
rElec   .            (no cloak)
rCorr   .            (no gloves)
SInv    .            (no boots)
Will    .....        (no amulet)
Stlth   ++           (no ring)
HPRegen 0.22/turn    (no ring)
MPRegen 0.08/turn

%: no passive effects
@: no status effects
A: high MP 1, forlorn, divine attributes
a: no special abilities


You were on level 1 of the Dungeon.
You visited 1 branch of the dungeon, and saw 1 of its levels.

You collected 4 gold pieces.


Innate Abilities, Weirdness & Mutations

You have an increased reservoir of magic. (+10% MP)
You shall have no god before yourself.
Your divine heritage dramatically boosts your attributes as you level up.


   Skills:
 - Level 1.7 Fighting
 + Level 3.9 Ranged Weapons
 - Level 1.7 Dodging
 - Level 0.8 Stealth


You couldn't memorise any spells.
You didn't know any spells.
Your spell library was empty.

Inventory:

Hand Weapons
 a - a +0 shortbow (weapon)
Armour
 c - a +0 leather armour (worn)
Scrolls
 d - a scroll of fog {unknown}
Potions
 b - 3 potions of haste {unknown}

Dungeon Overview and Level Annotations

Branches:
Dungeon (1/15)


Message History

You shoot an arrow. The arrow closely misses the quokka.
You shoot an arrow. The arrow closely misses the quokka.
The quokka bites you but does no damage.
You shoot an arrow. The arrow hits the quokka!
You kill the quokka!
You see here a ball python corpse.
A ball python comes into view.
Found a dagger.
A ball python is nearby!
49 ||| DROPPING scroll of butterflies.
You drop a scroll of butterflies.
A ball python is nearby!
A ball python is nearby!
Enter note: You shoot an arrow.
The arrow hits the ball python!
You kill the ball python!
b - 3 metallic black potions
Enter note:
Enter note:
d - a scroll labelled QUUMME JUEPHOAGA A hobgoblin comes into view.
You shoot an arrow. The arrow barely misses the hobgoblin.
You hear a shout!
You shoot an arrow. The arrow barely misses the hobgoblin.
A gnoll comes into view. It is wielding a +0 club.
You shoot an arrow. The arrow hits the gnoll!
The gnoll is severely wounded.
The gnoll hits you with a +0 club.
You shoot an arrow.
The arrow hits the gnoll but does no damage.
The gnoll is severely wounded.
The gnoll hits you with a +0 club!
You shoot an arrow. The arrow closely misses the gnoll.
You hear a loud squeak.
The gnoll hits you with a +0 club.
You shoot an arrow. The arrow barely misses the gnoll.
The gnoll barely misses you. The gnoll hits you with a +0 club.
You shoot an arrow. The arrow barely misses the gnoll.
You hear a loud squeak.
The gnoll hits you with a +0 club.
You die...

......#...#...#...#...
..#####.#.#.#...#.#.#.##
.## #..#...##.##...#..#
## ##.#.#.......#.#.##
#...##.###.##...#
#.#...........#.###
..##.###.###.##...#
#...............#.#
#.###.###@###.##.# #.
#g###### # !.g ...?.
#...... #...... .......
.......


You could see a gnoll and a hobgoblin.

Vanquished Creatures
  2 ball pythons (D:1)
  A quokka (D:1)
  A rat (D:1)
4 creatures vanquished.

Notes
Turn   | Place    | Note
-------+----------+-------------------------------------------
     0 | D:1      | qw the Demigod Hunter began the quest for the Orb.
     0 | D:1      | Reached XP level 1. HP: 17/17 MP: 3/3
     0 | D:1      | 0 ||| qw: Version: 0.3-a-155-g5e7d8dd
     0 | D:1      | 0 ||| qw: Game counter: 245
     0 | D:1      | 0 ||| qw: Melee chars always use a shield: true
     0 | D:1      | 0 ||| qw: God list: Okawaru
     0 | D:1      | 0 ||| qw: Allow faded altars: false
     0 | D:1      | 0 ||| qw: Do Orc after clearing Dungeon:15 true
     0 | D:1      | 0 ||| qw: Do second Lair branch before Depths: true
     0 | D:1      | 0 ||| qw: Lair rune preference: random
     0 | D:1      | 0 ||| qw: Goals: Normal
     0 | D:1      | 0 ||| PLANNING D:1-11
    49 | D:1      | 49 ||| DROPPING scroll of butterflies.
    94 | D:1      | HP: 4/17 [gnoll/+0 club (2)]
    96 | D:1      | Slain by a gnoll

Levels and vault maps discovered:
D:1:      onia_arrival_pentagram, layout_rooms,
          nicolae_concentric_dashed_squares_wild, st_stairs_14,
          roderic_lattice_a, kennysheep_boxes

Action                     || total
---------------------------++-------
   Fire: Shortbow          ||    17
 Armour: Leather armour    ||     6
  Dodge: Dodged            ||     3

Table legend:
 A = Non-vault XP
 B = Vault XP
 C = Vault XP percentage of total XP
 D = Non-vault monster count
 E = Vault monster count
 F = Vault count percentage of total count
                 A         B        C        D         E       F
            +---------+---------+-------+---------+---------+-------
      Total |       3 |       4 |  57.1 |       2 |       2 |  50.0
            +---------+---------+-------+---------+---------+-------
        D:1 |       3 |       4 |  57.1 |       2 |       2 |  50.0
            +---------+---------+-------+---------+---------+-------
